 Dungeon Crawl Stone Soup version 0.31.0-11-ge490571c62 (webtiles) character file.

Game seed: 1887383707388559905

2716 RBrandon the Thaumaturge (level 9, -4/61 HPs)
             Began as a Djinni Chaos Knight on Jan 27, 2024.
             Was a Plaything of Xom.
             Slain by a hornet (9 damage)
             ... on level 8 of the Dungeon.
             The game lasted 00:14:17 (6794 turns).

RBrandon the Thaumaturge (Djinni Chaos Knight)      Turns: 6794, Time: 00:14:18

Health: -4/61      AC:  7    Str: 17    XL:     9   Next: 98%
Gold:   400        EV: 12    Int: 24    God:    Xom [......] SH:  0 Dex: 13

rFire   + + +        a - +4 long sword (freeze)
rCold   x . .        (no shield)
rNeg    . . .        b - +2 leather armour
rPois   ∞            (helmet restricted)
rElec   .            (no cloak)
rCorr   .            e - +1 pair of gloves
SInv    .            (boots unavailable)
Will    +....        (no amulet)
Stlth   +            d - +6 ring of intelligence
HPRegen 0.30/turn    h - +6 ring of strength
MPRegen 0.00/turn

%: clarity, infuse magic (-5 HP)
@: flying
A: sickness immunity, fire resistance 3, cold vulnerability 1, float, innate
caster, HP casting, extra vitality 1, antennae 1, clarity, strong-willed 1,
sense surroundings 1, inability to drink after injury 1
a: Renounce Religion


You were on level 8 of the Dungeon.
You worshipped Xom.
You were a very special plaything of Xom.
You visited 1 branch of the dungeon, and saw 8 of its levels.

You collected 400 gold pieces.

Inventory:

Hand Weapons
 a - a +4 long sword of freezing (weapon)
   (You took it off a wight on level 7 of the Dungeon)
 m - a +0 dagger of venom
   (You took it off a goblin on level 2 of the Dungeon)
 y - the +0 hand axe "Usmubb" {venom, Str+5}
   (You found it on level 6 of the Dungeon)

   Str+5:     It affects your strength (+5).
 E - a +0 short sword of chaos
Missiles
 w - 3 atropa-tipped darts
 I - a throwing net
Armour
 b - a +2 leather armour (worn)
 e - a +1 pair of gloves (worn)
 F - a +1 robe of willpower
   (You took it off a wight on level 7 of the Dungeon)
Jewellery
 d - a +6 ring of intelligence (left hand)
 h - a +6 ring of strength (right hand)
 D - a ring of protection from fire
 G - the ring of Departure {Ice rN+ MP+9}
   (Xom gifted it to you on level 7 of the Dungeon)

   [ring of ice]

   Ice:       It enhances your ice magic.
   rF-:       It makes you vulnerable to fire.
   rC+:       It protects you from cold.
   rN+:       It protects you from negative energy.
   MP+9:      It affects your magic capacity (+9).
Wands
 l - a wand of quicksilver (10)
 q - a wand of iceblast (11)
Scrolls
 c - a scroll of butterflies
 f - a scroll of teleportation
 i - a scroll of enchant armour {unknown}
 k - 9 scrolls of identify {unknown}
 n - 2 scrolls of revelation {unknown}
 o - a scroll of poison {unknown}
 s - a scroll of immolation {unknown}
 t - 2 scrolls of torment {unknown}
 B - a scroll of enchant weapon {unknown}
Potions
 g - a potion of berserk rage {unknown}
 j - a potion of curing {unknown}
 p - a potion of haste {unknown}
 r - 2 potions of magic {unknown}
 u - 2 potions of mutation {unknown}
 v - a potion of brilliance {unknown}
 x - 2 potions of might {unknown}
 z - 2 potions of heal wounds
 A - 3 potions of lignification {unknown}
 C - 2 potions of cancellation {unknown}
 H - a potion of degeneration {unknown}


   Skills:
 - Level 3.2 Fighting
 - Level 2.9 Short Blades
 - Level 1.5 Armour
 - Level 2.6 Dodging
 + Level 9.8 Spellcasting
 + Level 9.8 Conjurations
 + Level 9.8 Hexes
   Level 0.0 Charms
 + Level 9.8 Summonings
 + Level 9.8 Necromancy
 + Level 9.8 Translocations
   Level 0.0 Transmutations
 + Level 9.8 Fire Magic
 + Level 9.8 Ice Magic
 + Level 9.8 Air Magic
 + Level 9.8 Earth Magic
 + Level 9.8 Alchemy


You knew the following spells:

 Your Spells              Type           Power      Damage    Failure   Level
a - Sandblast             Erth           100%       2d20      1%          1
b - Searing Ray           Conj           100%       2d8       1%          2
c - Confusing Touch       Hex            56%        N/A       1%          3
d - Gell's Gravitas       Tloc           56%        N/A       1%          3
Your spell library was empty.

Dungeon Overview and Level Annotations

Branches:
Dungeon (8/15)             Temple (0/1) D:7
   Lair: D:8-11

Altars:
Ashenzari
Dithmenos
Makhleb
Nemelex Xobeh
Qazlal
Ru
Trog
Uskayaw
Xom
Zin

Shops:
D:7 =

Annotations:
D:3 1 runed translucent door, exclusion: statue, Gadfly's ghost, amateur DsSh
D:6 3 runed translucent doors, Vadun's ghost, novice TrBe


Innate Abilities, Weirdness & Mutations

You are immune to sickness and miasma.
You are immune to poison.
Your flesh is almost immune to the effects of heat. (rF+++)
You are vulnerable to cold. (rC-)
You float through the air rather than walking.
You learn spells naturally, not from books.
Your magical power is your life essence.
You have superior vitality. (+4 MHP)
You have a pair of small antennae on your head.
You possess an exceptional clarity of mind.
You are strong-willed. (Will+)
You passively map a small area around you.
You occasionally lose the ability to drink potions when taking damage.


Message History

The hornet stings you but does no damage.
The hound bites you.
You hit the hornet but do no damage.
The hornet is severely wounded.
The gnoll is no longer moving quickly.
The hornet closely misses you. The hornet barely misses you.
The hound closely misses you. The hornet barely misses you.
The hound bites you.
You closely miss the hornet.
The hornet is severely wounded.
Your attacks no longer feel as feeble.
The hornet stings you but does no damage.
The hornet stings you. The hound bites you but does no damage.
The hornet closely misses you.
Your animated leather armour hits the hornet but does no damage. x2
The hound bites you.
* * * LOW HITPOINT WARNING * * *
You barely miss the hornet.
The hornet is severely wounded.
The hornet stings you but does no damage.
The hornet closely misses you. The hound bites you but does no damage.
Your animated leather armour hits the hornet.
Your animated leather armour hits the hornet but does no damage.
The hornet closely misses you. The hound closely misses you.
Your animated leather armour hits the hornet. x2
You miss the hornet.
The hornet is almost dead.
The hornet stings you!
* * * LOW HITPOINT WARNING * * *
The hornet stings you but does no damage.
The hound barely misses you. The hornet misses you.
A gnoll sergeant comes into view. It is wielding a +0 spear of flaming.
Your animated leather armour closely misses the hornet.
Your animated leather armour completely misses the hornet.
The hound closely misses you.
You closely miss the hornet.
The hornet is almost dead.
The hornet stings you!
* * * LOW HITPOINT WARNING * * *
The hornet misses you. The hound closely misses you. The hornet stings you!
You die...

#....#.# , #....#.#
'#....#.## .........##
..h.......# * .......g#.#
,* '#...{#h#.# , #...
#h#.# > #.., #@#.# * **
## ##y#.# #########.[#.##
..............## *
.......#......# ..*
.........##....###
#.##....###..##....###
..#......###......#..####
.........##....).##.....#


You could see a hornet (fast, ally target), 2 hounds, a gnoll (swift) and a
friendly animated leather armour (summoned).

Vanquished Creatures
  Sigmund (D:3)
  A water moccasin (D:7)
  2 black bears
  An ogre (D:7)
  2 phantoms
  2 bullfrogs (D:7)
  A kobold brigand (D:5)
  A gnoll sergeant (D:8)
  5 scorpions
  5 wights (D:7)
  10 killer bees (D:7)
  A gnoll bouda (D:8)
  2 hounds
  An orc priest (D:5)
  A bombardier beetle (D:6)
  A sleepcap (D:6)
  6 iguanas
  4 orc wizards
  Natasha (thrice) (D:3)
  Robin (D:2)
  4 adders
  12 gnolls (D:8)
  2 shadow imps
  A white imp (D:4)
  A dart slug (D:5)
  13 orcs
  11 endoplasms
  5 giant cockroaches
  15 goblins
  7 hobgoblins
  10 jackals
  7 kobolds
  4 quokkas
  3 ball pythons
  6 bats
  4 frilled lizards
  6 rats
162 creatures vanquished.

Notes
Turn   | Place    | Note
-------+----------+-------------------------------------------
     0 | D:1      | RBrandon the Djinni Chaos Knight began the quest for the
                  | Orb.
     0 | D:1      | Reached XP level 1. HP: 20/20 MP: 0/0
    43 | D:1      | XOM: silly message
   122 | D:1      | XOM: divination: detect creatures
   123 | D:1      | Reached XP level 2. HP: 25/25 MP: 0/0
   197 | D:1      | XOM: silly message
   230 | D:1      | XOM: silly message
   345 | D:1      | Reached XP level 3. HP: 30/30 MP: 0/0
   345 | D:1      | Learned a level 1 spell: Sandblast
   410 | D:1      | XOM: silly message
   946 | D:2      | XOM: god gift: +6 ring of strength
  1055 | D:2      | XOM: 4-stop teleportation journey
  1198 | D:2      | Reached skill level 1 in Spellcasting
  1198 | D:2      | Reached skill level 1 in Conjurations
  1198 | D:2      | Reached skill level 1 in Hexes
  1198 | D:2      | Reached skill level 1 in Summonings
  1198 | D:2      | Reached skill level 1 in Necromancy
  1198 | D:2      | Reached skill level 1 in Translocations
  1198 | D:2      | Reached skill level 1 in Fire Magic
  1198 | D:2      | Reached skill level 1 in Ice Magic
  1198 | D:2      | Reached skill level 1 in Air Magic
  1198 | D:2      | Reached skill level 1 in Earth Magic
  1198 | D:2      | Reached skill level 1 in Alchemy
  1321 | D:2      | XOM: give mutations
  1321 | D:2      | Gained mutation: You are resistant to electric shocks.
                  | (rElec) [Xom's mischief]
  1321 | D:2      | Gained mutation: You occasionally lose the ability to drink
                  | potions when taking damage. [Xom's mischief]
  1321 | D:2      | Lost mutation: You are resistant to electric shocks.
                  | (rElec) [Xom's mischief]
  1321 | D:2      | Gained mutation: You possess an exceptional clarity of
                  | mind. [Xom's mischief]
  1457 | D:2      | Noticed Robin
  1474 | D:2      | XOM: noise
  1488 | D:2      | Reached XP level 4. HP: 13/35 MP: 0/0
  1488 | D:2      | Killed Robin
  1860 | D:3      | Noticed Gadfly's ghost (amateur DsSh)
  1862 | D:3      | Found a runed translucent door.
  1984 | D:3      | XOM: smoke on damage
  2041 | D:3      | Noticed Natasha
  2044 | D:3      | Killed Natasha
  2045 | D:3      | Reached XP level 5. HP: 39/40 MP: 0/0
  2045 | D:3      | Learned a level 2 spell: Searing Ray
  2138 | D:3      | XOM: god gift: 4 stones
  2163 | D:3      | Noticed Natasha
  2170 | D:3      | Killed Natasha
  2409 | D:3      | Noticed Sigmund
  2410 | D:3      | XOM: summons friendly quasit
  2411 | D:3      | XOM: potion effect (brilliance)
  2417 | D:3      | Killed Sigmund
  2418 | D:3      | Reached XP level 6. HP: 40/46 MP: 0/0
  2464 | D:3      | Found a shadowy altar of Dithmenos.
  2464 | D:3      | Found a bloodstained altar of Trog.
  2464 | D:3      | Found a burning altar of Makhleb.
  2469 | D:3      | Found a broken altar of Ashenzari.
  2470 | D:3      | Found a stormy altar of Qazlal.
  2475 | D:3      | Found a hide-covered altar of Uskayaw.
  2476 | D:3      | Found a shimmering altar of Xom.
  2478 | D:3      | Found a glowing silver altar of Zin.
  2482 | D:3      | Found a sacrificial altar of Ru.
  2483 | D:3      | Found a sparkling altar of Nemelex Xobeh.
  2549 | D:3      | Noticed Natasha
  2555 | D:3      | Killed Natasha
  2770 | D:3      | XOM: give mutations
  2770 | D:3      | Gained mutation: You expend health (3 HP) to strengthen
                  | your wands. [Xom's grace]
  2770 | D:3      | Gained mutation: You passively map a small area around you.
                  | [Xom's grace]
  2770 | D:3      | Gained mutation: You passively map the area around you.
                  | [Xom's grace]
  2770 | D:3      | Gained mutation: You have a pair of small antennae on your
                  | head. [Xom's grace]
  3088 | D:4      | Reached XP level 7. HP: 47/50 MP: 0/0
  3088 | D:4      | Learned a level 3 spell: Confusing Touch
  3243 | D:4      | XOM is BORED!
  3243 | D:4      | XOM: summons 2 hostile shadow creatures
  3347 | D:4      | Reached skill level 5 in Spellcasting
  3347 | D:4      | Reached skill level 5 in Conjurations
  3347 | D:4      | Reached skill level 5 in Hexes
  3347 | D:4      | Reached skill level 5 in Summonings
  3347 | D:4      | Reached skill level 5 in Necromancy
  3347 | D:4      | Reached skill level 5 in Translocations
  3347 | D:4      | Reached skill level 5 in Fire Magic
  3347 | D:4      | Reached skill level 5 in Ice Magic
  3347 | D:4      | Reached skill level 5 in Air Magic
  3347 | D:4      | Reached skill level 5 in Earth Magic
  3347 | D:4      | Reached skill level 5 in Alchemy
  3693 | D:4      | XOM: scenery: 1 doors open
  3853 | D:5      | Entered Level 5 of the Dungeon
  3931 | D:5      | Reached XP level 8. HP: 46/56 MP: 0/0
  3983 | D:5      | XOM: god gift: 3 atropa-tipped darts
  4064 | D:5      | XOM: give mutations
  4064 | D:5      | Gained mutation: You are strong-willed. (Will+) [Xom's
                  | grace]
  4064 | D:5      | Gained mutation: Your flesh is almost immune to the effects
                  | of heat. (rF+++) [Xom's grace]
  4081 | D:5      | XOM: god gift: scroll labelled YHUBLO LUPSI {god gift}
  4109 | D:5      | XOM: 11-stop teleportation journey
  4284 | D:5      | XOM: give mutations
  4284 | D:5      | Lost mutation: You expend health (3 HP) to strengthen your
                  | wands. [Xom's mischief]
  4284 | D:5      | Lost mutation: You passively map the area around you.
                  | [Xom's mischief]
  4607 | D:6      | Identified the +0 hand axe "Usmubb" {venom, Str+5}
  4752 | D:6      | XOM: 1-stop teleportation journey
  4946 | D:6      | Found a runed translucent gate.
  4946 | D:6      | Noticed Vadun's ghost (novice TrBe)
  4962 | D:6      | Reached XP level 9. HP: 56/61 MP: 0/0
  4962 | D:6      | Learned a level 3 spell: Gell's Gravitas
  4980 | D:6      | Noticed a kobold demonologist
  4981 | D:6      | Found a runed translucent gate.
  4982 | D:6      | Found a runed translucent gate.
  5126 | D:6      | XOM: summons 5 hostile demons
  5481 | D:7      | Found a staircase to the Ecumenical Temple.
  5751 | D:7      | Found Luocluos's Jewellery Emporium.
  5947 | D:7      | Found the +3 Mad Mage's Maulers {Infuse+∞ VampMP -Cast}
  6026 | D:7      | XOM: destruction
  6200 | D:7      | XOM: god gift: 5 stones
  6349 | D:7      | Identified the ring of Departure {Ice rN+ MP+9} (Xom gifted
                  | it to you on level 7 of the Dungeon)
  6349 | D:7      | XOM: god gift: ring of Departure {Ice rN+ MP+9}
  6775 | D:8      | Noticed a hornet
  6783 | D:8      | XOM: enchant monster (bad)
  6785 | D:8      | XOM: blink monster(s)
  6789 | D:8      | XOM: cast spell 'Animate Armour'
  6794 | D:8      | Slain by a hornet

Illustrated notes

Levels and vault maps discovered:
D:1:      wander_arrival_chamber, layout_loops_ring, dreamdust_wishing_well,
          nicolae_hexahallways
D:2:      layout_basic, grunt_decor_clamped, uniq_robin
D:3:      wander_river, layout_basic, nicolae_overflow_hallway_of_the_gods,
          vehumet_statue, hellmonk_ghost_happy_afterlife, uniq_sigmund,
          uniq_natasha
D:4:      minmay_angry_zag, layout_gridville, minmay_misc_feat_columns
D:5:      layout_loops_ring, st_stairs_10
D:6:      layout_basic, gammafunk_ghost_nasty_kobolds
D:7:      layout_basic, lemuel_temple_firewalk_b, serial_shops, shop,
          moated_statue
D:8:      layout_cave_pools, marbit_many_paths, serial_shops, kennysheep_mini,
          serial_gnoll_camp, gnoll_camp_huts_basic, gnoll_camp_mini_sergeant,
          gnoll_camp_mini_basic, gnoll_camp_mini_basic, gnoll_camp_medium_02,
          roderic_lattice_a

Skill      XL: |  1  2  3  4  5  6  7  8  9 |
---------------+----------------------------+-----
Spellcasting   | 1 2 4 6 7 9 |  9.8
Conjurations   | 1 2 4 6 7 9 |  9.8
Hexes          | 1 2 4 6 7 9 |  9.8
Summonings     | 1 2 4 6 7 9 |  9.8
Necromancy     | 1 2 4 6 7 9 |  9.8
Translocations | 1 2 4 6 7 9 |  9.8
Fire Magic     | 1 2 4 6 7 9 |  9.8
Ice Magic      | 1 2 4 6 7 9 |  9.8
Air Magic      | 1 2 4 6 7 9 |  9.8
Earth Magic    | 1 2 4 6 7 9 |  9.8
Alchemy        | 1 2 4 6 7 9 |  9.8
Fighting       | |  3.2
Short Blades   | |  2.9
Armour         | |  1.5
Dodging        | |  2.6

Action                     |  1- 3 |  4- 6 |  7- 9 || total
---------------------------+-------+-------+-------++-------
  Melee: Short sword       |    77 |       |       ||    77
         Punch             |     1 |       |       ||     1
         Dagger            |       |    15 |       ||    15
         Hand axe          |       |       |    14 ||    14
         Long sword        |       |       |    12 ||    12
   Cast: Sandblast         |    31 |    29 |    34 ||    94
         Searing Ray       |       |     8 |    60 ||    68
    Use: Scroll            |       |       |     2 ||     2
         Potion            |       |       |     1 ||     1
   Stab: Sleeping          |     1 |       |       ||     1
 Armour: Leather armour    |    54 |    24 |   104 ||   182
         Robe              |       |       |    24 ||    24
  Dodge: Dodged            |    42 |    13 |   116 ||   171

Levels and vault maps discovered:
D:1:      wander_arrival_chamber, layout_loops_ring, dreamdust_wishing_well,
          nicolae_hexahallways
D:2:      layout_basic, grunt_decor_clamped, uniq_robin
D:3:      wander_river, layout_basic, nicolae_overflow_hallway_of_the_gods,
          vehumet_statue, hellmonk_ghost_happy_afterlife, uniq_sigmund,
          uniq_natasha
D:4:      minmay_angry_zag, layout_gridville, minmay_misc_feat_columns
D:5:      layout_loops_ring, st_stairs_10
D:6:      layout_basic, gammafunk_ghost_nasty_kobolds
D:7:      layout_basic, lemuel_temple_firewalk_b, serial_shops, shop,
          moated_statue
D:8:      layout_cave_pools, marbit_many_paths, serial_shops, kennysheep_mini,
          serial_gnoll_camp, gnoll_camp_huts_basic, gnoll_camp_mini_sergeant,
          gnoll_camp_mini_basic, gnoll_camp_mini_basic, gnoll_camp_medium_02,
          roderic_lattice_a

Table legend: (Time is in decaauts)
 A = Elapsed time spent in this place.
 B = Non-inter-level travel time spent in this place.
 C = Inter-level travel time spent in this place.
 D = Time resting spent in this place.
 E = Time spent auto-exploring this place.
 F = Levels seen in this place.
 G = Mean time per level.
                   A        B        C        D        E       F      G
               +--------+--------+--------+--------+--------+-----+--------+
         Total |   6837 |   6676 |    161 |    530 |   4992 |   8 |  854.6 |
       Dungeon |   6837 |   6676 |    161 |    530 |   4992 |   8 |  854.6 |
               +--------+--------+--------+--------+--------+-----+--------+

Top non-repeatable levels by time:
     D:7: 1293 daAuts
     D:3: 1075 daAuts
     D:2: 1035 daAuts
     D:4: 958 daAuts
     D:1: 814 daAuts
     D:5: 743 daAuts
     D:6: 646 daAuts
     D:8: 270 daAuts

Table legend:
 A = Kills in this place as a percentage of kills in the entire game.
 B = Kills by you in this place as a percentage of kills by you in the entire game.
 C = Kills by friends in this place as a percentage of kills by friends in the entire game.
 D = Other kills in this place as a percentage of other kills in the entire game.
 E = Experience gained in this place as a percentage of experience gained in the entire game.
 F = Experience gained in this place divided by the number of levels of this place that you have seen.
                   A       B       C       D       E      F
               +-------+-------+-------+-------+-------+----------------------
         Total | 100.0 | 100.0 |   N/A |   N/A | 100.0 | 485.1
       Dungeon | 100.0 | 100.0 |   N/A |   N/A | 100.0 | 485.1
               +-------+-------+-------+-------+-------+----------------------
